 Dungeon Crawl Stone Soup version 0.18.1-50-g88ac8fd (webtiles) character file.

23 Peloso the Skirmisher (level 2, -1/25 (26) HPs)
             Began as a Ghoul Fighter on Oct 20, 2016.
             Slain by a giant gecko (2 damage)
             ... on level 1 of the Dungeon.
             The game lasted 00:01:17 (196 turns).

Peloso the Skirmisher (Ghoul Fighter)                Turns: 196, Time: 00:01:18

HP:   -1/25 (26)    AC:  6    Str: 19    XL:     2   Next: 95%
MP:   1/1           EV: 13    Int:  3    God:
Gold: 9             SH:  8    Dex:  8    Spells: 0 memorised, 1 level left

rFire  . . .     SeeInvis .     a - +0 long sword
rCold  + . .     Gourm    .     b - +0 scale mail
rNeg   + + +     Faith    .     c - +0 shield
rPois  ∞         Spirit   .     (no helmet)
rElec  .         Dismiss  .     (no cloak)
rCorr  .         Reflect  .     (no gloves)
SustAt .         Harm     .     (no boots)
MR     .....                    (no amulet)
Stlth  ..........               (no ring)
                                g - +6 ring of evasion

@: rotting, not resistant to hostile enchantments, extremely unstealthy
A: rotting body, claws 1, carnivore 3, cold resistance 1, negative energy
resistance 3, slow regeneration 1, torment resistance, unbreathing
a: no special abilities


You were on level 1 of the Dungeon.
You were not hungry.

You visited 1 branch of the dungeon, and saw 1 of its levels.

You collected 9 gold pieces.

Inventory:

Hand Weapons
 a - a +0 long sword (weapon)
Armour
 b - a +0 scale mail (worn)
 c - a +0 shield (worn)
Jewellery
 g - a +6 ring of evasion (left claw)
Scrolls
 e - a scroll of identify {unknown}
 h - a scroll of amnesia {unknown}
Potions
 d - a potion of might
Comestibles
 f - a meat ration


   Skills:
 + Level 3.6 Fighting
 + Level 1.8 Long Blades
 + Level 3.0 Armour
 + Level 0.1 Dodging
 + Level 3.0 Shields


You had one spell level left.
You didn't know any spells.

Dungeon Overview and Level Annotations

Branches:
Dungeon (1/15)

Altars:


Innate Abilities, Weirdness & Mutations

Your body is rotting away.
You thrive on raw meat.
You are immune to poison.
You have sharp fingernails.
You are carnivorous and can eat meat at any time.
Your flesh is cold resistant.
You are immune to negative energy.
You regenerate slowly when monsters are visible.
You are immune to unholy pain and torment.
You can survive without breathing.


Message History

The giant gecko is heavily wounded.
You block the giant gecko's attack. You block the kobold's attack.
The giant gecko barely misses you.
You barely miss the giant gecko.
The giant gecko is heavily wounded.
You block the kobold's attack. The giant gecko bites you.
* * * LOW HITPOINT WARNING * * *
The kobold misses you. The giant gecko closely misses you.
You closely miss the giant gecko.
The giant gecko is heavily wounded.
You block the giant gecko's attack. The kobold completely misses you.
You barely miss the giant gecko.
The giant gecko is heavily wounded.
The giant gecko closely misses you. The kobold barely misses you.
The giant gecko bites you but does no damage.
The kobold hits you.
* * * LOW HITPOINT WARNING * * *
You block the giant gecko's attack. The giant gecko bites you.
You die...

#......... ##.......
........## #.......
#......# #########.......
#......# #........#..###.
#...(†.# #.....†..##.# #.
#......#+##........##.###.
#..................##..##.
#......Kl.........####†##.
#.....)..@...####.# #..#.
######....†..# #.# ##.#.
#.....).# #.# #...
#....(.(# .# ##..
#.......# .# #.. #.......#
.# #.. #.......# .# ##.
######### #. .>


You could see a giant gecko and a kobold.

Vanquished Creatures
  An ooze (D:1)
  A dart slug (D:1)
  A giant gecko (D:1)
  A giant cockroach (D:1)
  A goblin (D:1)
  2 kobolds (D:1)
  A ball python (D:1)
  A bat (D:1)
  A giant newt (D:1)
  7 rats (D:1)
17 creatures vanquished.

Notes
Turn   | Place    | Note
--------------------------------------------------------------
     0 | D:1      | Peloso the Ghoul Fighter began the quest for the Orb.
     0 | D:1      | Reached XP level 1. HP: 19/19 MP: 0/0
    84 | D:1      | Reached XP level 2. HP: 21/26 MP: 1/1
   191 | D:1      | HP: 1/25 [kobold (3)]
   196 | D:1      | Slain by a giant gecko

Skill      XL: |  1  2 |
---------------+-------+-----
Shields        | 3 |  3.0
Armour         | 3 |  3.0
Fighting       | |  3.6
Long Blades    | |  1.8
Dodging        | |  0.1

Action                   || total
-------------------------++-------
Melee: Long sword        ||    54
Armor: Scale mail        ||    23
Dodge: Dodged            ||    42
Block: Shield            ||    44
